 Dungeon Crawl Stone Soup version 0.26-a0-1053-gaff5f71418 (webtiles) character file.

Game seed: 12580370468738597606

36019 pkoi the Peltast (level 13, -1/108 HPs)
             Began as a Minotaur Fighter on Dec 12, 2020.
             Was a High Priest of Makhleb.
             Killed from afar by a fire dragon (56 damage)
             ... with a blast of flame
             ... on level 6 of the Lair of Beasts.
             The game lasted 00:16:22 (11670 turns).

pkoi the Peltast (Minotaur Fighter)                Turns: 11670, Time: 00:16:22

Health: -1/108     AC: 18    Str: 32    XL:     13   Next: 50%
Magic:  21/21      EV: 12    Int:  5    God:    Makhleb [*****.]
Gold:   590        SH: 21    Dex: 10    Spells: 12/12 levels left

rFire    . . .     SeeInvis .   r - +1 whip (elec)
rCold    + . .     Faith    .   c - +1 kite shield
rNeg     . . .     Spirit   .   J - +3 chain mail of Decaying Mirth {+Inv rPois Regen+}
rPois    +         Reflect  +   u - +1 hat
rElec    .         Harm     .   n - +0 cloak
rCorr    .         Rampage  .   O - +1 pair of gloves
Will     .....                  (no boots)
Stlth    ..........             m - amulet of Fragile Peace {Reflect rPois rC+ SH+5}
HPRegen  0.68/turn              v - +6 ring of strength
MPRegen  0.17/turn              B - +4 ring of slaying

@: no status effects
A: retaliatory headbutt, horns 2
a: Minor Destruction, Lesser Servant of Makhleb, Major Destruction, Greater
Servant of Makhleb, Renounce Religion, Evoke Invisibility


You were on level 6 of the Lair of Beasts.
You worshipped Makhleb.
Makhleb was extremely pleased with you.
You visited 2 branches of the dungeon, and saw 14 of its levels.

You collected 982 gold pieces.
You spent 392 gold pieces at shops.

Inventory:

Hand Weapons
 a - a +0 flail
 r - a +1 whip of electrocution (weapon)
Missiles
 M - 9 curare-tipped darts (quivered)
Armour
 c - a +1 kite shield (worn)
 n - a +0 cloak (worn)
 u - a +1 hat (worn)
 J - the +3 chain mail of Decaying Mirth (worn) {+Inv rPois Regen+}
   (You found it on level 3 of the Lair of Beasts)

   It protects you from poison.
   It lets you turn invisible.
   It increases your rate of regeneration.
 O - a +1 pair of gloves (worn)
Jewellery
 e - an uncursed amulet of regeneration
 h - an uncursed amulet of magic regeneration
 m - the amulet of Fragile Peace (around neck) {Reflect rPois rC+ SH+5}
   (You found it on level 4 of the Lair of Beasts)

   [amulet of reflection]

   It shields you and reflects attacks.
   It protects you from cold.
   It protects you from poison.
   It affects your SH (+5).
 q - an uncursed amulet of guardian spirit
 v - a +6 ring of strength (left hand)
 A - an uncursed amulet of faith
 B - a +4 ring of slaying (right hand)
 E - an uncursed ring of protection from fire
 H - an uncursed amulet of reflection
Wands
 k - a wand of disintegration (11)
 p - a wand of random effects (12)
 x - a wand of polymorph (8)
 y - a wand of digging (19)
 I - a wand of iceblast (10)
 K - a wand of paralysis (6)
Scrolls
 f - a scroll of fear
 j - 5 scrolls of identify
 l - a scroll of remove curse
 s - 8 scrolls of teleportation
 w - 2 scrolls of amnesia
 C - 2 scrolls of enchant armour
Potions
 b - a potion of resistance
 d - a potion of might
 g - 7 potions of heal wounds
 i - a potion of brilliance
 o - 10 potions of curing
 t - 3 potions of haste
 z - 3 potions of berserk rage
 D - 2 potions of cancellation
 F - a potion of flight


   Skills:
 + Level 8.5 Fighting
 + Level 12.0 Maces & Flails
 + Level 1.0 Throwing
 + Level 8.7 Armour
 + Level 6.7 Dodging
 - Level 15.0 Shields
 + Level 12.7 Invocations


You had 12 spell levels left.
You didn't know any spells.
Your spell library contained the following spells:

 Spells                   Type           Power        Failure   Level
 Apportation              Tloc           #.....       90%         1
 Corona                   Hex            #......      90%         1
 Magic Dart               Conj           #...         90%         1
 Summon Small Mammal      Summ           #...         90%         1
 Call Imp                 Summ           #.......     97%         2
 Searing Ray              Conj           #.....       97%         2
 Slow                     Hex            #.......     97%         2
 Call Canine Familiar     Summ           #.......     99%         3
 Dazzling Flash           Conj/Hex       #.....       99%         3
 Inner Flame              Hex/Fire       #.......     99%         3
 Lesser Beckoning         Tloc           #.........   99%         3
 Portal Projectile        Hex/Tloc       #.....       99%         3
 Summon Guardian Golem    Hex/Summ       #.......     99%         3
 Tukima's Dance           Hex            #.......     99%         3
 Cause Fear               Hex            #.........   100%        4
 Fulminant Prism          Conj/Hex       #.........   100%        4
 Iskenderun's Mystic Bla  Conj/Tloc      #.......     100%        4
 Leda's Liquefaction      Hex/Erth       #.........   100%        4
 Summon Ice Beast         Ice/Summ       #.......     100%        4
 Summon Lightning Spire   Summ/Air       #.......     100%        4
 Alistair's Intoxication  Tmut/Pois      #........    100%        5
 Invisibility             Hex            #.......     100%        6


Dungeon Overview and Level Annotations

Branches:
Dungeon (8/15)             Temple (0/1) D:7            Lair (6/6) D:8
  Swamp (0/4) Lair:2        Snake (0/4) Lair:2        Slime (0/5) Lair:5

Altars:
Elyvilon
Makhleb
Vehumet
Xom
Zin
Jiyva

Shops:
D:5 !   D:6 *   D:8 (

Annotations:
Lair:6 exclusion: 3 oklob plants


Innate Abilities, Weirdness & Mutations

You reflexively headbutt those who attack you in melee.
You have a pair of horns on your head.


Message History

You completely miss the fire dragon. Your headbutt misses the fire dragon.
The fire dragon is moderately wounded.
You are engulfed in a cloud of scalding steam.
You hit the fire dragon but do no damage.
Lightning courses through the fire dragon!!
Your headbutt misses the fire dragon.
The fire dragon is heavily wounded.
You block the fire dragon's attack.
The fire dragon claws you but does no damage.
You block the fire dragon's attack.
Your neqoxec closely misses the fire dragon.
You hit the fire dragon.
Lightning courses through the fire dragon!
The fire dragon is severely wounded.
You barely miss the fire dragon. You headbutt the fire dragon!
The fire dragon is almost dead.
The fire dragon breathes flames at you. The blast of flame hits you!!!
Ouch! That really hurt!
You die...

♣♣♣♣♣♣ ♣♣..≈≈♣♣♣
♣♣.@≈≈≈P.♣
♣.PD3≈≈..♣♣
♣..≈≈♣♣.†..♣♣♣
♣.l≈.≈♣♣≈≈...♣♣
..≈≈≈.P♣♣♣≈≈≈..♣♣
♣.≈≈≈≈.$.
♣♣≈≈...♣
♣♣♣..≈D.)$
♣♣≈...♣♣ .≈≈≈≈.(.
♣≈..♣.♣♣ ♣..≈≈
.($♣♣♣≈≈P...♣


You could see a fire dragon (catching breath), a swamp dragon, a basilisk and a
friendly neqoxec (summoned).

Vanquished Creatures
  A dire elephant (Lair:6)
  Fannar (Lair:3)
  5 hydras
  A two-headed ogre (D:6)
  2 death yaks (Lair:6)
  Sonja (Lair:5)
  2 lindwurms
  12 elephants
  Maurice (D:8)
  3 black mambas
  5 rime drakes
  6 cane toads
  9 komodo dragons
  2 hornets
  3 polar bears
  8 blink frogs
  Sigmund (D:3)
  4 wyverns
  4 basilisks
  40 yaks
  A steam dragon (Lair:6)
  3 nagas (Lair:2)
  3 vampire mosquitoes (Lair:2)
  Edmund (D:5)
  12 water moccasins
  2 orc warriors
  2 swamp drakes (Lair:6)
  2 ice beasts (D:5)
  2 black bears
  A sky beast (D:5)
  33 wolves
  4 centaurs
  8 bullfrogs
  A gnoll sergeant (D:6)
  2 scorpions
  8 wights
  A howler monkey (D:8)
  3 jellies (D:6)
  A bullfrog zombie (D:5)
  7 hounds
  A bullfrog skeleton (D:4)
  4 iguanas
  2 orc wizards
  2 worker ants
  2 hound skeletons
  7 gnolls
  22 adders
  A howler monkey skeleton (D:8)
  2 shadow imps
  2 white imps
  2 ufetubi
  2 oozes
  2 worms
  A dart slug (D:3)
  7 leopard geckos
  12 orcs
  6 ball pythons
  7 bats
  15 giant cockroaches
  11 goblins
  6 hobgoblins
  9 jackals
  6 kobolds
  4 quokkas
  8 frilled lizards
  A quokka skeleton (D:4)
  11 rats
363 creatures vanquished.

Vanquished Creatures (collateral kills)
  A blink frog (Lair:3)
  3 wolves (Lair:3)
4 creatures vanquished.

Vanquished Creatures (others)
  36 fungi
  62 plants
98 creatures vanquished.

Grand Total: 465 creatures vanquished

Notes
Turn   | Place    | Note
-------+----------+-------------------------------------------
     0 | D:1      | pkoi the Minotaur Fighter began the quest for the Orb.
     0 | D:1      | Reached XP level 1. HP: 19/19 MP: 0/0
   165 | D:1      | Reached XP level 2. HP: 26/26 MP: 1/1
   394 | D:1      | Reached XP level 3. HP: 31/31 MP: 2/2
   870 | D:2      | Reached skill level 5 in Maces & Flails
   905 | D:2      | Reached XP level 4. HP: 38/39 MP: 3/3
  1449 | D:3      | Noticed Sigmund
  1465 | D:3      | Killed Sigmund
  1466 | D:3      | Reached XP level 5. HP: 34/45 MP: 4/4
  1596 | D:3      | Reached XP level 6. HP: 51/51 MP: 5/5
  2429 | D:4      | Found a white marble altar of Elyvilon.
  2550 | D:4      | Reached XP level 7. HP: 57/57 MP: 6/6
  2618 | D:4      | Found a glowing silver altar of Zin.
  2619 | D:4      | Found a radiant altar of Vehumet.
  2623 | D:4      | Found a burning altar of Makhleb.
  2623 | D:4      | Found a shimmering altar of Xom.
  3120 | D:4      | Became a worshipper of Makhleb the Destroyer
  3153 | D:5      | Entered Level 5 of the Dungeon
  3408 | D:5      | Found Tyaqac's Distillery.
  3452 | D:5      | Found a shimmering altar of Xom.
  3474 | D:5      | Reached skill level 1 in Dodging
  3474 | D:5      | Reached skill level 4 in Shields
  3474 | D:5      | Reached skill level 1 in Invocations
  3521 | D:5      | Noticed Edmund
  3532 | D:5      | Killed Edmund
  3533 | D:5      | Reached skill level 10 in Maces & Flails
  3542 | D:5      | Reached XP level 8. HP: 55/67 MP: 6/8
  3822 | D:6      | You fall into a shaft and drop 2 floors!
  3900 | D:7      | Noticed a hornet
  3907 | D:7      | Killed a hornet
  3908 | D:7      | Reached skill level 5 in Fighting
  3908 | D:7      | Reached skill level 5 in Armour
  3908 | D:7      | Reached skill level 5 in Shields
  4264 | D:6      | Reached * piety under Makhleb
  4366 | D:6      | Noticed a two-headed ogre
  4377 | D:6      | Killed a two-headed ogre
  4378 | D:6      | Reached XP level 9. HP: 35/75 MP: 10/10
  4562 | D:6      | Reached skill level 6 in Shields
  4671 | D:6      | Found Obrymour's Assorted Antiques.
  4701 | D:5      | Bought a potion of curing for 42 gold pieces
  4701 | D:5      | Bought a potion of haste for 140 gold pieces
  4701 | D:5      | Bought 3 potions of heal wounds for 210 gold pieces
  5133 | D:7      | Found a staircase to the Ecumenical Temple.
  5195 | D:7      | Got a faintly glowing long sword
  5196 | D:7      | Identified the cursed +2 long sword "Atoferixt" {speed,
                  | Stlth+} (You found it on level 7 of the Dungeon)
  5500 | D:8      | Reached ** piety under Makhleb
  5501 | D:8      | Found a staircase to the Lair.
  5502 | D:8      | Noticed a komodo dragon
  5515 | D:8      | Reached skill level 5 in Dodging
  5532 | D:8      | Killed a komodo dragon
  5536 | D:8      | Reached XP level 10. HP: 84/84 MP: 12/12
  5871 | D:8      | Found Sailea's Antique Weapon Shoppe.
  5899 | D:8      | Noticed Maurice
  5906 | D:8      | Paralysed by Maurice for 5 turns
  5919 | D:8      | Paralysed by something for 2 turns
  5944 | D:8      | Killed Maurice
  5945 | D:8      | Reached skill level 7 in Shields
  6229 | Lair:1   | Entered Level 1 of the Lair of Beasts
  6229 | Lair:1   | Noticed a cane toad
  6236 | Lair:1   | Killed a cane toad
  6237 | Lair:1   | Reached skill level 5 in Invocations
  6286 | Lair:1   | Noticed a cane toad
  6292 | Lair:1   | Killed a cane toad
  6553 | Lair:1   | Noticed a black mamba
  6565 | Lair:1   | Killed a black mamba
  7084 | Lair:2   | Noticed a cane toad
  7091 | Lair:2   | Killed a cane toad
  7187 | Lair:2   | Found a staircase to the Snake Pit.
  7199 | Lair:2   | Reached skill level 8 in Shields
  7268 | Lair:2   | Noticed a cane toad
  7272 | Lair:2   | Killed a cane toad
  7324 | Lair:2   | Noticed a cane toad
  7328 | Lair:2   | Noticed a seven-headed hydra
  7333 | Lair:2   | Killed a cane toad
  7337 | Lair:2   | Killed a seven-headed hydra
  7338 | Lair:2   | Reached XP level 11. HP: 75/95 MP: 14/14
  7524 | Lair:2   | Reached *** piety under Makhleb
  7525 | Lair:2   | Reached skill level 9 in Shields
  7648 | Lair:2   | Noticed a four-headed hydra
  7665 | Lair:2   | Killed a four-headed hydra
  7845 | Lair:2   | Reached skill level 10 in Shields
  7887 | Lair:2   | Found a staircase to the Swamp.
  8239 | Lair:3   | Noticed a six-headed hydra
  8247 | Lair:3   | Killed a six-headed hydra
  8260 | Lair:3   | Noticed Fannar
  8285 | Lair:3   | Killed Fannar
  8286 | Lair:3   | Reached skill level 11 in Shields
  8358 | Lair:3   | Reached XP level 12. HP: 103/103 MP: 17/17
  8443 | Lair:3   | Reached **** piety under Makhleb
  8497 | Lair:3   | Reached skill level 12 in Shields
  8733 | Lair:3   | Reached skill level 10 in Invocations
  8809 | Lair:3   | Got a crude chain mail
  8820 | Lair:3   | Identified the +3 chain mail of Decaying Mirth {+Inv rPois
                  | Regen+} (You found it on level 3 of the Lair of Beasts)
  9303 | Lair:4   | Got a sparkling silver amulet
  9304 | Lair:4   | Identified the amulet of Fragile Peace {Reflect rPois rC+
                  | SH+5} (You found it on level 4 of the Lair of Beasts)
  9950 | Lair:5   | Found a staircase to the Slime Pits.
  9950 | Lair:5   | Found a viscous altar of Jiyva.
  9973 | Lair:5   | Noticed Sonja
  9981 | Lair:5   | Reached skill level 13 in Shields
  9996 | Lair:5   | Killed Sonja
 10149 | Lair:5   | Noticed a seven-headed hydra
 10159 | Lair:5   | Killed a seven-headed hydra
 10393 | Lair:5   | Noticed a four-headed hydra
 10410 | Lair:5   | Killed a four-headed hydra
 11006 | Lair:6   | Entered Level 6 of the Lair of Beasts
 11100 | Lair:6   | Reached XP level 13. HP: 100/108 MP: 20/20
 11107 | Lair:6   | Reached skill level 14 in Shields
 11199 | Lair:6   | Noticed a dire elephant
 11374 | Lair:6   | Killed a dire elephant
 11474 | Lair:6   | Reached ***** piety under Makhleb
 11565 | Lair:6   | Reached skill level 15 in Shields
 11658 | Lair:6   | Reached skill level 1 in Throwing
 11661 | Lair:6   | Noticed a fire dragon
 11670 | Lair:6   | Killed from afar by a fire dragon

Illustrated notes

Levels and vault maps discovered:
D:1:      evilmike_arrival_rings, layout_loops_ring, nrook_campfire,
          minmay_fountain_box
D:2:      layout_loops_ring
D:3:      layout_loops_cross, uniq_sigmund
D:4:      wad_pebble_path, layout_cave_pods, grunt_temple_overflow_open,
          chequers_arboretum, elyvilon_altar_1
D:5:      layout_loops_ring, serial_shops, nicolae_shop_behind_doors,
          xom_teletrap_fun, uniq_edmund
D:6:      layout_cave_pools, serial_shops, kennysheep_mini
D:7:      layout_loops_ring, minmay_temple_entry_mini_moons
D:8:      layout_basic, due_lair_maze_entry_diamond, serial_shops, shop,
          serial_rivers, chequers_serial_rivers_small_b,
          chequers_serial_rivers_large_a, chequers_serial_rivers_micro_e,
          chequers_serial_rivers_micro_e, chequers_serial_rivers_small_3,
          uniq_maurice
Lair:1:   minmay_lair_venomous_thicket, layout_long_grid,
          chequers_serial_rivers_marsh
Lair:2:   layout_cellular_growth, minmay_swamp_entry_swarm,
          minmay_snake_entry_guardpost_small, st_stairs_11,
          chequers_serial_rivers_small_a, grunt_megastairs_3
Lair:3:   beast_lair_carwin_large_1, layout_regular_city,
          grunt_forest_large_clearings, grunt_megastairs_2, uniq_fannar
Lair:4:   layout_misc_corridors, lemuel_fruit_fields
Lair:5:   layout_cave_pods, slime_altar_1, chequers_serial_rivers_large_b,
          uniq_sonja
Lair:6:   guppyfry_lair_end_dragon, layout_long_grid, hangedman_lair_in_review,
          infiniplex_staircase_pool_2, minmay_lair_oklob_chamber

Skill      XL: |  1  2  3  4  5  6  7  8  9 10 11 12 13 |
---------------+----------------------------------------+-----
Maces & Flails | 3 4 5 7 9 10 11 12 | 12.0
Fighting       | 4 5 6 8 |  8.5
Armour         | 4 6 7 8 |  8.7
Dodging        | 1 4 5 6 |  6.7
Shields        | 4 5 6 8 11 13 15 | 15.0
Invocations    | 1 3 4 6 9 11 12 | 12.7
Throwing       | 1 |  1.0

Action                   |  1- 3 |  4- 6 |  7- 9 | 10-12 | 13-15 || total
-------------------------+-------+-------+-------+-------+-------++-------
Melee: Flail             |    98 |   107 |       |       |       ||   205
       Headbutt          |    16 |    22 |    46 |   154 |    66 ||   304
       Whip              |       |    62 |   231 |   575 |   206 ||  1074
       Long sword        |       |       |    31 |       |       ||    31
Invok: Lesser Servant of |       |       |       |     3 |     1 ||     4
  Use: Scroll            |       |     4 |     3 |    12 |       ||    19
       Potion            |       |     1 |       |     5 |       ||     6
 Stab: Distracted        |       |       |       |     2 |       ||     2
Armor: Scale mail        |    55 |    10 |       |       |       ||    65
       Plate armour      |       |    47 |    58 |   117 |       ||   222
       Chain mail        |       |       |       |    67 |    40 ||   107
Dodge: Dodged            |    33 |    20 |    38 |   144 |    37 ||   272
Block: Kite shield       |    51 |    68 |   119 |   333 |   147 ||   718
       Reflection        |       |       |       |     1 |     1 ||     2
       Rpst.: Long sword |       |       |     2 |       |       ||     2

Table legend: (Time is in decaauts)
 A = Elapsed time spent in this place.
 B = Non-inter-level travel time spent in this place.
 C = Inter-level travel time spent in this place.
 D = Time resting spent in this place.
 E = Time spent auto-exploring this place.
 F = Levels seen in this place.
 G = Mean time per level.
                   A        B        C        D        E       F      G
               +--------+--------+--------+--------+--------+-----+--------+
         Total |  11324 |  10666 |    658 |    487 |   8108 |  14 |  808.9 |
       Dungeon |   6178 |   5680 |    498 |    327 |   4222 |   8 |  772.2 |
          Lair |   5145 |   4986 |    159 |    160 |   3886 |   6 |  857.5 |
               +--------+--------+--------+--------+--------+-----+--------+

Top non-repeatable levels by time:
  Lair:5: 1111 daAuts
  Lair:2: 1099 daAuts
     D:8: 907 daAuts
     D:4: 863 daAuts
  Lair:1: 841 daAuts
     D:3: 837 daAuts
  Lair:3: 819 daAuts
     D:7: 802 daAuts
  Lair:4: 780 daAuts
     D:2: 740 daAuts
     D:1: 731 daAuts
     D:6: 672 daAuts
     D:5: 624 daAuts
  Lair:6: 493 daAuts
